 Dungeon Crawl Stone Soup version 0.27.1-2-g3b301248ec (webtiles) character file.

Game seed: 13395587385895160801

2039 Dexcius the Cleaver (level 9, -1/118 HPs)
             Began as a Minotaur Berserker on Sept 25, 2021.
             Was an Elder of Trog.
             Slain by a hornet (4 damage)
             ... on level 7 of the Dungeon.
             The game lasted 00:17:43 (5533 turns).

Dexcius the Cleaver (Minotaur Berserker)            Turns: 5533, Time: 00:17:44

Health: -1/118     AC: 14    Str: 24    XL:     9   Next: 4%
Magic:  7/7        EV: 14    Int:  2    God:    Trog [****..]
Gold:   414        SH:  0    Dex: 11    Spells: 8/8 levels left

rFire    . . .     SeeInvis .   a - +1 hand axe
rCold    . . .     Faith    .   (no shield)
rNeg     . . .     Spirit   .   b - +0 chain mail
rPois    .         Reflect  .   f - +0 hat {Stlth+}
rElec    .         Harm     .   (no cloak)
rCorr    .         Rampage  .   i - +0 pair of gloves
Will     .....                  (no boots)
Stlth    ..........             (no amulet)
HPRegen  0.29/turn              e - +4 ring of evasion
MPRegen  0.10/turn              h - +4 ring of protection

@: berserking, lethally poisoned (-1 -> -14), unable to read, slowed
A: horns 2, retaliatory headbutt, dopey 1, low mp 1, inability to read while
threatened
a: Renounce Religion, Berserk, Trog's Hand, Brothers in Arms


You were on level 7 of the Dungeon.
You worshipped Trog.
Trog was greatly pleased with you.
You visited 1 branch of the dungeon, and saw 7 of its levels.

You collected 414 gold pieces.

Inventory:

Hand Weapons
 a - a +1 hand axe (weapon)
 j - the +5 mace of Yllud {vorpal, rC++ Dex+5}
   (You found it on level 4 of the Dungeon)

   It inflicts extra damage upon your enemies.
   Dex:       It affects your dexterity (+5).
   rC:        It greatly protects you from cold.
Armour
 b - a +0 chain mail (worn)
 f - a +0 hat of stealth (worn)
 i - a +0 pair of gloves (worn)
Jewellery
 e - a +4 ring of evasion (left hand)
 h - a +4 ring of protection (right hand)
Wands
 d - a wand of digging (3)
 g - a wand of iceblast (7)
 k - a wand of acid (8)
Scrolls
 l - a scroll of noise {unknown}
Potions
 c - 3 potions of flight
 m - 3 potions of curing
 n - a potion of invisibility


   Skills:
 + Level 7.2 Fighting
 + Level 9.8 Axes
 + Level 3.3 Armour
 + Level 6.0 Dodging
 + Level 4.1 Stealth


You had 8 spell levels left.
You didn't know any spells.
Your spell library was empty.

Dungeon Overview and Level Annotations

Branches:
Dungeon (7/15)             Temple (0/1) D:6

Altars:
Okawaru
Qazlal
Trog
Uskayaw
Vehumet
Xom
The Shining One


Innate Abilities, Weirdness & Mutations

You have a pair of horns on your head.
You reflexively headbutt those who attack you in melee.
You are dopey. (Int -2)
Your magical capacity is low. (-10% MP)
You sometimes lose the ability to read scrolls when taking damage.


Message History

You headbutt the hornet, but do no damage.
The hornet is heavily wounded.
You feel very sick. The hornet stings you.
You are more poisoned.
You suddenly lose the ability to move!
You feel very sick. The hornet stings you.
You feel threatened and lose the ability to read scrolls!
You are more poisoned.
You feel as though you will be slow longer.
The hornet stings you.
* * * LOW HITPOINT WARNING * * *
You feel as though you will be slow longer.
* * * LOW HITPOINT WARNING * * *
You feel very sick.
The hornet stings you but does no damage.
You can move again.
A red film seems to cover your vision as you go berserk!
You feel yourself moving faster!
You feel mighty!
You can read scrolls again.
You feel very sick. The hornet stings you!
You feel threatened and lose the ability to read scrolls!
* * * LOW HITPOINT WARNING * * *
You are more poisoned.
You feel as though you will be slow longer.
The hornet closely misses you. The hornet barely misses you.
You furiously retaliate!
You headbutt the hornet! You closely miss the hornet.
The hornet is severely wounded.
* * * LOW HITPOINT WARNING * * *
You feel very sick. The hornet barely misses you.
You closely miss the hornet.
The hornet is severely wounded.
* * * LOW HITPOINT WARNING * * *
You feel very sick. The hornet stings you.
You die...

.# #......_......##
.# #...##....#....
## ##.. ##...#..##
##..###.###..#
#............#
#............#
#.........####
#.........#######.#
#.#.#+#+#..@y.....#
# #: #.######### #
#.# #.# #.# #.# #.#
#.


You could see a hornet.

Vanquished Creatures
  Pikel (D:5)
  Sigmund (D:5)
  Eustachio (D:5)
  4 ogres
  A sky beast (D:5)
  Blork the orc (D:6)
  A bullfrog (D:6)
  A water moccasin zombie (D:6)
  4 scorpions
  A hound (D:4)
  2 jellies
  An orc priest (D:4)
  Jessica (D:2)
  3 iguanas
  Robin (D:2)
  5 adders
  2 shadow imps (D:6)
  2 adder skeletons (D:4)
  A worm (D:3)
  5 dart slugs
  7 orcs (D:4)
  4 endoplasms
  6 giant cockroaches
  14 goblins
  14 hobgoblins
  8 jackals
  8 kobolds
  7 quokkas
  5 ball pythons
  6 bats
  3 frilled lizards
  5 rats
126 creatures vanquished.

Vanquished Creatures (others)
  A wizard (D:3)
  4 plants (D:3)
5 creatures vanquished.

Grand Total: 131 creatures vanquished

Notes
Turn   | Place    | Note
-------+----------+-------------------------------------------
     0 | D:1      | Dexcius the Minotaur Berserker began the quest for the Orb.
     0 | D:1      | Reached XP level 1. HP: 19/19 MP: 0/0
    61 | D:1      | Found a faded altar of an unknown god.
    98 | D:1      | Reached XP level 2. HP: 21/27 MP: 1/1
   198 | D:1      | Reached skill level 4 in Axes
   766 | D:1      | Reached XP level 3. HP: 33/33 MP: 2/2
   792 | D:1      | Reached ** piety under Trog
  1263 | D:2      | Noticed Jessica
  1266 | D:2      | Killed Jessica
  1267 | D:2      | Reached XP level 4. HP: 41/41 MP: 3/3
  1544 | D:2      | Noticed Robin
  1555 | D:2      | Killed Robin
  1556 | D:2      | Reached skill level 5 in Axes
  1963 | D:3      | Noticed a +0 spear
  1963 | D:3      | Noticed a +0 short sword
  1963 | D:3      | Noticed a +0 short sword
  1963 | D:3      | Noticed a +0 dagger
  1963 | D:3      | Noticed a +0 spear
  1964 | D:3      | Noticed a +0 falchion
  1964 | D:3      | Noticed a +0 dagger
  1965 | D:3      | Noticed a +0 falchion
  1967 | D:3      | Found a hide-covered altar of Uskayaw.
  2066 | D:3      | Reached XP level 5. HP: 47/47 MP: 4/4
  2074 | D:3      | Noticed an air elemental
  2075 | D:3      | Found a stormy altar of Qazlal.
  2078 | D:3      | Noticed a fire elemental
  2078 | D:3      | Noticed a water elemental
  2152 | D:3      | Reached *** piety under Trog
  2210 | D:3      | Found a bloodstained altar of Trog.
  2211 | D:3      | Noticed a wizard
  2217 | D:3      | Killed a wizard
  2456 | D:4      | Reached skill level 1 in Stealth
  2617 | D:4      | Reached skill level 6 in Axes
  2617 | D:4      | Reached XP level 6. HP: 30/55 MP: 5/5
  2981 | D:4      | Identified the +5 mace of Yllud {vorpal, rC++ Dex+5}
  3000 | D:4      | Reached skill level 5 in Fighting
  3650 | D:5      | Entered Level 5 of the Dungeon
  3650 | D:5      | Noticed Eustachio
  3650 | D:5      | Noticed Pikel
  3650 | D:5      | Noticed a sky beast
  3655 | D:5      | Noticed Sigmund
  3657 | D:5      | Killed Pikel
  3658 | D:5      | Reached skill level 7 in Axes
  3658 | D:5      | Reached XP level 7. HP: 63/63 MP: 6/6
  3665 | D:5      | Killed Eustachio
  3666 | D:5      | Reached skill level 8 in Axes
  3666 | D:5      | Reached skill level 5 in Dodging
  3666 | D:5      | Reached XP level 8. HP: 49/70 MP: 7/7
  3675 | D:5      | Killed Sigmund
  3901 | D:5      | Reached skill level 9 in Axes
  4193 | D:5      | Found a shimmering altar of Xom.
  4195 | D:5      | Found a blossoming altar of Fedhas.
  4195 | D:5      | Found an ancient bone altar of Kikubaaqudgha.
  4200 | D:5      | Found a white marble altar of Elyvilon.
  4200 | D:5      | Found a white marble altar of Elyvilon.
  4200 | D:5      | Found a burning altar of Makhleb.
  4200 | D:5      | Identified the +3 leather armour of Context {rF- Str+4
                  | Dex+7}
  4541 | D:5      | Reached **** piety under Trog
  4608 | D:6      | Found a radiant altar of Vehumet.
  4630 | D:6      | Gained mutation: You are dopey. (Int -2) [potion of
                  | mutation]
  4630 | D:6      | Gained mutation: Your magical capacity is low. (-10% MP)
                  | [potion of mutation]
  4630 | D:6      | Gained mutation: You sometimes lose the ability to read
                  | scrolls when taking damage. [potion of mutation]
  4892 | D:6      | Noticed Blork the orc
  4899 | D:6      | Killed Blork the orc
  4900 | D:6      | Reached XP level 9. HP: 79/79 MP: 7/7
  5040 | D:6      | Found an iron altar of Okawaru.
  5127 | D:6      | Found a staircase to the Ecumenical Temple.
  5501 | D:7      | Found a glowing golden altar of the Shining One.
  5528 | D:7      | Paralysed by a hornet for 3 turns
  5533 | D:7      | HP: 3/118 [poisoned by a hornet]
  5533 | D:7      | Slain by a hornet

Illustrated notes

Levels and vault maps discovered:
D:1:      lemuel_arrival_funnel, layout_basic, dreamdust_ecumenical_altar_grove
D:2:      layout_basic, kennysheep_decorative_pillar, uniq_jessica, uniq_robin
D:3:      layout_rooms, nicolae_qazlal_style_of_elements,
          nicolae_uskayaw_en_pointe, trog_wizard, guppyfry_early_lair_pool
D:4:      layout_gridville
D:5:      layout_rooms, doesnt_xom_only_xom, roderic_roman_lattice,
          uniq_eustachio, uniq_pikel, uniq_sigmund
D:6:      layout_loops_ring, fiery_altar_vehumet, okawaru_metal_pillars_1_2,
          temple_statues, uniq_blork_the_orc
D:7:      layout_basic, nicolae_overflow_crystal_walls,
          mainiacjoe_overflow_two_lobes, uniq_maggie

Skill      XL: |  1  2  3  4  5  6  7  8 |
---------------+-------------------------+-----
Fighting       | 4 6 7 |  7.2
Axes           | 4 5 6 7 8 9 |  9.8
Dodging        | 3 4 5 6 |  6.0
Stealth        | 1 3 4 |  4.1
Armour         | 3 |  3.3

Action                   |  1- 3 |  4- 6 |  7- 9 || total
-------------------------+-------+-------+-------++-------
Melee: Hand axe          |    48 |   140 |    89 ||   277
       Headbutt          |     7 |    28 |    17 ||    52
Invok: Berserk           |       |     3 |     2 ||     5
  Use: Potion            |       |     4 |     4 ||     8
       Scroll            |       |     1 |     2 ||     3
 Stab: Sleeping          |     1 |     8 |       ||     9
Armor: Animal skin       |     7 |    18 |     2 ||    27
       Chain mail        |       |       |    24 ||    24
       Ring mail         |       |       |     2 ||     2
Dodge: Dodged            |    39 |   125 |    45 ||   209
